Map: Lightshade LE

Players

DPGrogue (Rogue)

  • Race: Zerg Zerg

Serral - Winner!

  • Race: Zerg Zerg

Event: ASUS ROG Fall 2021

VOD

Have the link to the VOD?

Description

Time

  • Played on: Sept. 18, 2021, 12:57 p.m.
  • Length: 22:02

All games in this series

Show
View Real Time Build Order
Export as new Build Order

DPGrogue Zerg 

Build Orders: Pool First 

Get SALT Encoding   

  12  0:00  Drone  
  13  0:12  Overlord  
  13  0:17  Drone  
  14  0:31  Drone x2  
  16  0:40  Spawning Pool  
  15  0:43  Drone  
  15  0:47  Drone  
  17  1:08  Hatchery  
  17  1:10  Drone  
  17  1:25  Extractor  
  16  1:26  Queen  
  16  1:27  Zergling x2  
  19  1:39  Overlord  
  19  1:41  Drone x2  
  21  1:53  Drone  
  22  2:02  Queen, Drone  
  25  2:14  Drone  
  26  2:19  Queen  
  26  2:20  Drone  
  30  2:22  Drone  
  30  2:31  Overlord  
  30  2:35  Drone x3  
  33  2:38  Drone  
  33  2:43  Drone  
  35  2:52  Drone  
  35  2:53  Drone  
  37  3:02  Lair  
  37  3:03  Drone x2  
  39  3:08  Evolution Chamber  
  39  3:11  Drone x3, Roach Warren  
  40  3:15  Drone x2  
  40  3:18  Drone  
  43  3:20  Drone  
  43  3:23  Extractor  
  43  3:25  Extractor, Overlord  
  42  3:30  Overlord  
  42  3:32  Drone  
  43  3:35  Zerg Missile Weapons Level 1  
  43  3:40  Drone x2  
  44  3:48  Drone x2  
  44  3:49  Drone x3  
  44  3:50  Drone  
  50  4:02  Hatchery  
  49  4:05  Glial Reconstitution  
  49  4:09  Extractor, Overseer  
  48  4:13  Drone x2  
  48  4:15  Overlord  
  50  4:20  Roach  
  50  4:21  Roach  
  54  4:25  Roach  
  54  4:26  Roach  
  54  4:29  Overlord  
  58  4:32  Overlord  
  58  4:38  Drone, Evolution Chamber  
  58  4:42  Roach  
  58  4:43  Roach  
  62  4:48  Roach x2  
  62  4:49  Roach  
  62  4:51  Overseer  
  68  4:55  Drone x3  
  68  4:57  Drone  
  72  5:03  Roach x2  
  72  5:05  Roach  
  78  5:09  Roach  
  78  5:13  Zerg Ground Armor Level 1  
  80  5:17  Overlord  
  80  5:19  Roach  
  82  5:24  Overseer, Roach x2  
  82  5:27  Overlord  
  86  5:30  Zerg Missile Weapons Level 2  
  86  5:31  Overseer  
  86  5:33  Roach  
  88  5:42  Roach x2  
  98  5:43  Roach x3  
  98  5:48  Drone  
  98  5:49  Drone x3  
  103  5:50  Drone  
  103  5:54  Roach  
  105  5:57  Overlord  
  105  6:06  Overlord x2  
  105  6:09  Extractor  
  104  6:13  Roach  
  104  6:15  Overlord  
  106  6:19  Roach x4  
  106  6:24  Overlord x2  
  114  6:28  Roach  
  114  6:32  Roach x4  
  124  6:37  Roach  
  124  6:38  Roach x2  
  130  6:41  Roach  
  130  6:43  Roach x2  
  130  6:46  Overlord  
  136  6:49  Overlord  
  136  6:51  Roach  
  136  6:53  Roach  
  140  6:55  Roach  
  140  6:56  Roach  
  144  7:03  Roach x3  
  144  7:07  Ravager x5  
  156  7:08  Ravager  
  156  7:11  Roach  
  156  7:14  Roach  
  160  7:15  Overseer  
  160  7:18  Overlord  
  160  7:19  Roach  
  162  7:25  Overlord  
  162  7:36  Overlord  
  162  7:38  Roach x4  
  162  7:39  Overlord  
  168  7:50  Roach x10  
  164  7:52  Roach  
  164  7:55  Roach  
  164  7:58  Roach x2  
  131  8:01  Roach  
  131  8:02  Roach  
  122  8:06  Roach  
  122  8:09  Roach x2  
  122  8:11  Roach  
  125  8:15  Roach  
  125  8:17  Roach  
  125  8:18  Roach  
  131  8:23  Drone  
  131  8:24  Roach x2  
  131  8:26  Roach x2  
  140  8:30  Roach  
  142  8:36  Roach  
  142  8:39  Extractor, Roach  
  142  8:40  Roach x3  
  151  8:47  Roach x3  
  157  8:50  Roach  
  157  8:52  Roach  
  161  8:58  Roach x3  
  161  9:01  Ravager  
  168  9:07  Roach x3  
  168  9:08  Roach  
  176  9:13  Drone  
  176  9:15  Overlord x2  
  177  9:17  Ravager  
  177  9:21  Overlord  
  178  9:26  Overlord  
  178  9:29  Overlord  
  178  9:30  Overlord  
  178  9:37  Ravager x5  
  183  9:47  Roach  
  183  9:48  Roach x7  
  199  10:01  Pneumatized Carapace  
  199  10:08  Overseer, Hatchery  
  199  10:11  Overseer  
  198  10:19  Spine Crawler x2  
  196  10:24  Roach x2  
  200  10:28  Spine Crawler  
  200  10:30  Zerg Ground Armor Level 2  
  200  10:40  Roach  
  184  10:44  Roach  
  184  10:45  Roach x7  
  194  10:50  Ravager x4  
  196  11:03  Roach x6  
  196  11:09  Roach  
  196  11:10  Roach  
  173  11:27  Roach x6  
  173  11:29  Roach x3  
  163  11:33  Roach  
  163  11:34  Roach  
  163  11:36  Roach  
  153  11:41  Roach  
  153  11:42  Roach  
  153  11:44  Roach  
  149  11:48  Roach  
  149  11:49  Roach  
  133  11:54  Roach x2  
  133  11:57  Roach  
  119  12:01  Roach x2  
  103  12:12  Drone x7  
  110  12:21  Roach x3  
  116  12:27  Ravager  
  116  12:28  Ravager x9  
  126  12:30  Roach  
  126  12:32  Roach  
  126  12:35  Roach  
  134  12:37  Roach  
  134  12:40  Roach  
  136  12:46  Roach x3  
  136  12:47  Drone  
  136  12:48  Drone  
  136  12:50  Ravager x2  
  146  12:52  Roach  
  146  12:54  Roach  
  150  12:59  Roach x3  
  150  13:04  Roach  
  150  13:05  Roach x2  
  162  13:09  Roach x2  
  166  13:15  Roach  
  166  13:16  Roach x2  
  166  13:18  Roach  
  174  13:23  Roach  
  174  13:24  Roach x2  
  180  13:28  Roach  
  180  13:29  Roach  
  180  13:34  Roach x2  
  188  13:36  Roach  
  190  13:43  Roach x2  
  190  13:45  Roach  
  190  13:46  Roach x2  
  200  13:56  Spine Crawler  
  200  14:00  Burrow, Tunneling Claws  
  199  14:21  Ravager  
  200  14:32  Hydralisk Den  
  199  14:52  Hatchery  
  198  15:14  Grooved Spines  
  198  15:15  Hydralisk  
  198  15:16  Lurker Den  
  198  15:19  Roach x12  
  195  15:32  Hydralisk x2  
  199  15:37  Infestation Pit  
  199  15:41  Hydralisk  
  200  15:47  Hydralisk x2  
  200  15:50  Hatchery  
  200  15:54  Extractor x2  
  197  15:59  Hydralisk  
  199  16:21  Hive  
  199  16:23  Lurker  
  200  16:31  Roach x17  
  200  16:46  Overlord  
  200  16:51  Overlord  
  199  16:55  Overlord  
  199  17:01  Hatchery  
  197  17:02  Overlord  
  197  17:15  Hydralisk  
  195  17:24  Hydralisk x3  
  195  17:28  Hatchery  
  186  17:34  Seismic Spines, Lurker  
  186  17:35  Roach x9  
  186  17:36  Roach x9, Lurker x5  
  188  17:37  Hydralisk x2  
  188  17:38  Hydralisk x4  
  200  17:47  Roach x2  
  200  17:48  Roach  
  194  17:53  Roach x2  
  192  18:00  Roach x3  
  192  18:02  Lurker x2  
  192  18:03  Lurker x2  
  192  18:04  Hydralisk x6  
  200  18:14  Overseer  
  200  18:23  Hydralisk  
  194  18:30  Overseer x2  
  194  18:32  Adaptive Talons  
  188  18:34  Hydralisk  
  182  18:45  Hydralisk x13  
  182  18:46  Hydralisk x5  
  182  18:47  Hydralisk  
  184  18:54  Overseer x2  
  175  18:56  Hydralisk  
  175  18:59  Zergling x2  
  161  19:03  Hydralisk x3  
  151  19:10  Roach x3  
  151  19:12  Overseer x3, Roach  
  137  19:20  Roach x3  
  137  19:21  Roach  
  120  19:33  Muscular Augments  
  120  19:36  Lurker  
  120  19:37  Drone  
  120  19:38  Extractor x2, Drone x7, Roach  
  129  19:48  Roach x5, Lurker  
  130  19:58  Lurker  
  118  20:07  Lurker  
  118  20:08  Roach  
  118  20:11  Roach  
  118  20:13  Roach  
  102  20:15  Drone x3  
  102  20:16  Drone x9  
  102  20:18  Roach  
  112  20:24  Roach x8  
  108  20:28  Lurker  
  105  20:50  Roach  
  105  20:51  Roach x2  
  108  20:59  Roach  
  108  21:00  Roach  
  112  21:04  Roach  
  114  21:15  Roach x3  
  120  21:20  Roach  
  120  21:22  Roach  
  120  21:24  Roach  
  124  21:28  Roach  
  120  21:39  Roach  
Show
View Real Time Build Order
Export as new Build Order

Serral Zerg - Winner!

Build Orders: Hatch First 

Get SALT Encoding   

  12  0:00  Drone  
  13  0:12  Overlord  
  13  0:17  Drone  
  14  0:30  Drone x2  
  16  0:48  Hatchery  
  15  0:51  Drone  
  15  0:55  Drone  
  17  0:58  Drone  
  18  1:09  Extractor  
  17  1:13  Spawning Pool  
  17  1:17  Drone  
  17  1:20  Drone  
  18  1:27  Drone  
  19  1:38  Drone  
  20  1:56  Drone  
  20  1:59  Queen  
  20  2:00  Queen  
  25  2:01  Zergling x2  
  25  2:02  Overlord  
  26  2:11  Drone x2  
  28  2:22  Drone x2  
  30  2:33  Overlord  
  30  2:34  Drone  
  30  2:35  Queen  
  33  2:38  Queen  
  33  2:43  Drone  
  36  2:44  Drone, Evolution Chamber  
  35  2:54  Drone  
  35  2:55  Drone  
  37  3:04  Overlord  
  38  3:05  Drone  
  38  3:08  Drone x6  
  44  3:15  Lair  
  44  3:24  Roach Warren, Zerg Missile Weapons Level 1  
  43  3:27  Drone  
  43  3:28  Drone  
  43  3:32  Drone  
  43  3:33  Extractor  
  43  3:34  Extractor, Drone  
  45  3:38  Drone  
  45  3:39  Drone  
  47  3:46  Extractor, Drone x4  
  50  3:51  Drone x2  
  50  3:52  Overlord  
  52  3:55  Overlord  
  52  4:10  Overlord  
  52  4:11  Roach  
  52  4:13  Roach  
  52  4:14  Overseer  
  52  4:16  Glial Reconstitution  
  56  4:18  Drone  
  57  4:25  Roach  
  57  4:28  Hatchery  
  58  4:34  Roach x3  
  64  4:40  Overlord  
  64  4:41  Overlord  
  64  4:47  Roach  
  64  4:48  Roach  
  68  4:53  Overlord  
  68  4:54  Overlord  
  68  4:57  Overlord  
  68  5:01  Drone  
  73  5:09  Roach x5  
  79  5:15  Overseer  
  79  5:20  Drone  
  80  5:21  Drone, Evolution Chamber  
  80  5:23  Drone x2  
  80  5:27  Roach  
  86  5:28  Roach  
  86  5:34  Roach x2  
  90  5:37  Drone x2  
  90  5:42  Roach  
  94  5:50  Zerg Ground Armor Level 1  
  94  5:54  Drone x2  
  94  5:55  Drone, Roach  
  94  5:56  Overlord, Roach  
  101  6:04  Drone x2  
  101  6:05  Drone x2  
  101  6:06  Drone x2, Zerg Missile Weapons Level 2  
  101  6:11  Extractor, Overlord  
  106  6:13  Roach  
  106  6:16  Roach  
  108  6:22  Roach  
  108  6:23  Overlord  
  110  6:26  Roach x3  
  110  6:29  Overlord  
  110  6:31  Overlord  
  116  6:33  Roach  
  116  6:34  Roach  
  116  6:37  Overlord  
  120  6:40  Ravager  
  120  6:41  Ravager x3  
  120  6:42  Roach x2  
  128  6:49  Spine Crawler, Roach x2  
  128  6:51  Roach  
  133  6:54  Ravager  
  133  6:55  Ravager  
  133  6:58  Roach x3  
  133  6:59  Roach  
  143  7:05  Roach x3  
  143  7:06  Roach  
  151  7:14  Roach x4  
  159  7:19  Roach  
  159  7:20  Overlord  
  159  7:21  Overlord  
  159  7:22  Ravager  
  162  7:27  Overlord x2  
  162  7:40  Roach x8  
  150  7:53  Roach x6  
  137  8:00  Roach x2  
  137  8:03  Roach  
  137  8:08  Roach  
  137  8:12  Roach x2  
  143  8:17  Ravager  
  143  8:18  Ravager  
  149  8:20  Roach x4  
  153  8:27  Extractor  
  153  8:29  Drone x3  
  155  8:35  Roach  
  155  8:36  Roach  
  155  8:38  Burrow  
  155  8:39  Drone  
  155  8:40  Tunneling Claws  
  160  8:44  Roach x3  
  160  8:46  Roach  
  160  8:48  Overlord  
  168  8:54  Roach x5  
  178  9:04  Roach x3  
  178  9:09  Hatchery  
  183  9:14  Zerg Ground Armor Level 2  
  183  9:20  Roach x4  
  191  9:35  Overseer, Pneumatized Carapace  
  191  9:54  Roach x2  
  191  9:55  Roach x6  
  191  9:56  Overlord  
  191  9:57  Overseer  
  199  10:03  Overlord  
  199  10:06  Overlord  
  199  10:14  Roach x2  
  199  10:15  Overlord  
  179  10:43  Roach x3  
  179  10:44  Roach x10  
  179  10:45  Roach x5  
  197  10:55  Roach x2  
  199  11:00  Roach x4  
  199  11:03  Roach x3  
  183  11:11  Roach x5  
  183  11:12  Roach x3  
  183  11:16  Roach x4  
  195  11:23  Roach x6  
  195  11:24  Roach x8  
  190  11:26  Roach x4  
  158  11:34  Roach  
  158  11:37  Roach x3  
  145  11:40  Roach  
  144  11:47  Roach x9  
  144  11:50  Roach  
  144  11:51  Roach  
  144  11:53  Roach x3  
  144  11:54  Roach x2  
  137  11:57  Roach  
  137  11:58  Roach  
  137  11:59  Roach  
  117  12:03  Roach x2  
  117  12:07  Roach  
  116  12:09  Ravager  
  116  12:10  Ravager x3  
  116  12:11  Ravager  
  116  12:13  Roach x2  
  116  12:15  Roach  
  127  12:16  Ravager  
  127  12:20  Roach  
  127  12:21  Ravager  
  130  12:23  Roach x2  
  130  12:26  Ravager  
  135  12:32  Roach x3  
  135  12:33  Queen x2  
  135  12:36  Roach x2  
  149  12:37  Ravager x2  
  149  12:39  Roach  
  149  12:43  Roach x2  
  157  12:47  Roach  
  157  12:50  Roach  
  161  12:54  Queen  
  161  12:57  Roach x2  
  167  13:05  Roach x3  
  173  13:09  Roach x2  
  177  13:13  Roach  
  177  13:17  Roach x2  
  183  13:22  Roach x2  
  183  13:23  Ravager x2  
  183  13:24  Ravager  
  183  13:26  Roach  
  187  13:28  Roach  
  187  13:32  Roach  
  187  13:33  Roach  
  193  13:38  Overseer  
  193  13:40  Roach x2  
  197  13:48  Spire  
  196  13:56  Extractor, Drone x3  
  196  13:59  Roach  
  200  14:25  Infestation Pit  
  199  14:36  Roach x3  
  199  14:39  Spine Crawler  
  199  14:40  Roach  
  200  14:59  Roach x13  
  200  15:00  Hydralisk Den  
  200  15:04  Hive  
  200  15:06  Drone  
  200  15:24  Overseer x3  
  200  15:27  Queen  
  200  15:34  Overseer  
  200  15:37  Roach x13  
  200  15:38  Overseer  
  200  15:39  Hatchery  
  199  15:50  Overlord  
  199  15:51  Overseer  
  199  15:58  Overseer  
  199  16:01  Drone  
  200  16:18  Grooved Spines  
  200  16:20  Lurker Den  
  200  16:22  Extractor  
  200  16:23  Drone x2  
  200  16:38  Spine Crawler  
  195  17:01  Evolution Chamber  
  195  17:04  Roach Warren  
  194  17:09  Roach x2  
  194  17:11  Evolution Chamber  
  191  17:18  Seismic Spines  
  187  17:23  Hydralisk x4  
  187  17:24  Hydralisk x3  
  195  17:30  Muscular Augments, Drone x2, Evolution Chamber  
  197  17:46  Spore Crawler  
  197  17:49  Lurker x4  
  200  17:54  Hatchery  
  199  18:01  Lurker  
  199  18:02  Zerg Missile Weapons Level 3  
  199  18:03  Zerg Ground Armor Level 3  
  200  18:14  Overseer  
  200  18:15  Adaptive Talons  
  196  18:21  Hydralisk x2  
  196  18:22  Hydralisk  
  199  18:33  Roach x7  
  187  18:45  Hydralisk x11  
  187  18:46  Hydralisk x2  
  192  18:52  Roach x11  
  199  19:02  Roach x12  
  187  19:07  Roach  
  187  19:08  Overseer  
  149  19:18  Lurker x5  
  148  19:31  Lurker x3  
  148  19:32  Lurker x3  
  148  19:38  Roach x5  
  154  19:40  Drone x4  
  158  19:56  Roach x5  
  167  20:16  Overseer  
  167  20:17  Drone x9  
  173  20:24  Viper x2  
  179  20:29  Viper  
  179  20:35  Extractor  
  175  20:36  Extractor  
  175  20:37  Drone x3  
  175  20:38  Drone x3  
  176  20:46  Overseer  
  176  20:52  Viper  
  179  21:01  Overseer  
  179  21:23  Hydralisk  
  179  21:24  Hydralisk x4  
  180  21:38  Lurker x3  
  178  21:40  Overlord x2  
Tags
 
Add a new tag
Caveats
  • Supply blocks, unpowered buildings, or Contaminate may cause inaccurate times.
  • Supply counts are checked every 10 seconds.